 Dungeon Crawl Stone Soup version 0.20.0-4-g10b340a (webtiles) character file.

280385 Kosschaser the Hoplite (level 20, -8/103 HPs)
             Began as a Gargoyle Fighter on May 28, 2017.
             Was a High Priest of Okawaru.
             Killed by divine providence
             ... invoked by a smoke demon
             ... summoned by a glowing orange brain
              (13 damage)
             ... on level 3 of the Abyss.
             The game lasted 03:30:00 (38676 turns).

Kosschaser the Hoplite (Gargoyle Fighter)          Turns: 38676, Time: 03:30:01

Health: -8/103     AC: 40    Str: 29      XL:     20   Next: 47%
Magic:  32/32      EV: 11    Int:  9 (11) God:    Okawaru [*****.]
Gold:   1321       SH:  0    Dex: 11      Spells: 27/32 levels left

rFire    + + .     SeeInvis +   C - +7 flail (protect)
rCold    + + +     Gourm    .   N - +4 large shield {AC+3}
rNeg     + + .     Faith    .   Q - +5 plate armour of Sunlight {rPois MP+9 Str+3}
rPois    ∞         Spirit   .   j - +1 helmet {SInv}
rElec    +         Reflect  +   A - scarf {rC+ rF+}
rCorr    .         Harm     .   B - +1 pair of gloves "Raugeqo" {rC+ rN+ Str-3}
MR       .....     Rnd*Rage +   R - +1 pair of boots "Hicun" {rC++ MR- Str+4}
Stlth    ..........             S - brooch of Shielding {Reflect SH+8}
Regen    0.3/turn               (no ring)
MPRegen  0.3/turn               c - ring "Viod" {*Drain rElec rF+ Slay+2}

@: confused, flying, drained
A: big wings, [berserk 2], [deformed body], [deterioration 1], [frail 2], [low
mp 2], negative energy resistance 1, electricity resistance, unbreathing,
petrification resistance, rot immunity, [subdued magic 2], AC +15
}: 2/15 runes: decaying, gossamer
a: Stop Flying, Heroism, Finesse, Renounce Religion


You were on level 3 of the Abyss.
You worshipped Okawaru.
Okawaru was extremely pleased with you.
You were not hungry.

You visited 7 branches of the dungeon, and saw 33 of its levels.
You visited the Abyss 1 time.
You also visited: Labyrinth.

You collected 3130 gold pieces.
You spent 1809 gold pieces at shops.

Inventory:

Hand Weapons
 p - a +0 mace of holy wrath
 C - a +7 flail of protection (weapon)
Armour
 j - a +1 helmet of see invisible (worn)
 y - a scarf of spirit shield
 A - a scarf of resistance (worn)
 B - the +1 pair of gloves "Raugeqo" (worn) {rC+ rN+ Str-3}
   (Okawaru gifted it to you on level 2 of the Spider Nest)

   It affects your strength (-3).
   It protects you from cold.
   It protects you from negative energy.
 N - a +4 large shield of protection (worn)
 Q - the +5 plate armour of Sunlight (worn) {rPois MP+9 Str+3}
   (You found it in a labyrinth)

   It affects your strength (+3).
   It protects you from poison.
   It affects your magic capacity (+9).
 R - the +1 pair of boots "Hicun" (worn) {rC++ MR- Str+4}
   (You found it on level 1 of the Lair of Beasts)

   It affects your strength (+4).
   It greatly protects you from cold.
   It affects your resistance to hostile enchantments.
Jewellery
 c - the ring "Viod" (right hand) {*Drain rElec rF+ Slay+2}
   (You acquired it on level 2 of the Spider Nest)

   [ring of protection from fire]

   It affects your accuracy and damage with ranged weapons and melee attacks
   (+2).
   It protects you from fire.
   It insulates you from electricity.
   It causes draining when unequipped.
 x - the ring "Xenlo" {rCorr -Tele rN+ Str+3}
   (You took it off a deep elf annihilator on level 3 of the Elven Halls)

   [ring of resist corrosion]

   It affects your strength (+3).
   It protects you from negative energy.
   It prevents most forms of teleportation.
 H - an uncursed ring of protection from magic
 L - a +6 ring of evasion
 S - the brooch of Shielding (around neck) {Reflect SH+8}
   (You bought it in a shop on level 2 of the Elven Halls)

   [amulet of reflection]

   It shields you and reflects attacks.
   It affects your SH (+8).
Wands
 b - a wand of flame (15/48)
 z - a wand of confusion (12/48)
 I - a wand of digging (9/24)
 P - a wand of lightning (7/15)
Scrolls
 e - 5 scrolls of amnesia
 g - 5 scrolls of magic mapping
 h - 11 scrolls of teleportation
 n - 4 scrolls of enchant armour
 u - 9 scrolls of remove curse
 w - 12 scrolls of identify
 D - 3 scrolls of fear
 K - a scroll of fog
 M - 2 scrolls of silence
 W - 4 scrolls of blinking
 Z - 4 scrolls of recharging
Potions
 a - 2 potions of agility
 d - 2 potions of might
 k - 2 potions of resistance
 o - 4 potions of curing
 r - 2 potions of cancellation
 t - 2 potions of invisibility
 v - a potion of brilliance
 E - 2 potions of magic
 G - 5 potions of haste
 J - 9 potions of ambrosia
Books
 X - a book of Battle

   Spells                             Type                      Level
   a - Infusion                       Charms                       1
   b - Shroud of Golubria             Charms/Translocation         2
   c - Song of Slaying                Charms                       2
   d - Spectral Weapon                Hexes/Charms                 3
   e - Regeneration                   Charms/Necromancy            3
 Y - a book of Party Tricks

   Spells                             Type                      Level
   a - Summon Butterflies             Summoning                    1
   b - Apportation                    Translocation                1
   c - Lesser Beckoning               Translocation                3
   d - Tukima's Dance                 Hexes                        3
   e - Alistair's Intoxication        Transmutation/Poison         5
   f - Invisibility                   Hexes                        6
Comestibles
 f - 25 bread rations
 i - 25 fruits
 q - 10 royal jellies
 s - 14 meat rations


   Skills:
 + Level 15.0(14.8) Fighting
 + Level 16.7(16.5) Maces & Flails
 + Level 11.1(10.9) Armour
 + Level 8.2(8.0) Dodging
 - Level 1.0(0.9) Stealth
 + Level 23.7(23.4) Shields
 + Level 0.6(0.4) Unarmed Combat
 + Level 6.5(6.4) Spellcasting
 + Level 6.0(5.8) Charms
 + Level 0.3(0.2) Translocations
 + Level 3.2(3.0) Invocations
 + Level 1.5(1.4) Evocations


You had 27 spell levels left.
You knew the following spells:

 Your Spells              Type           Power        Failure   Level  Hunger
a - Infusion              Chrm           #...         12%         1    None
b - Song of Slaying       Chrm           #.......     19%         2    ##.....
c - Shroud of Golubria    Chrm/Tloc      #.........   54%         2    ##.....


Dungeon Overview and Level Annotations

Branches:
Dungeon (13/15)            Temple (1/1) D:6            Lair (6/6) D:9
  Swamp (4/4) Lair:2       Spider (4/4) Lair:3        Slime (0/5) Lair:6
    Orc (2/2) D:12            Elf (3/3) Orc:2
 Vaults: D:13-14

Altars:
Ashenzari
Cheibriados
Dithmenos
Elyvilon
Fedhas
Gozag
Hepliaklqana
Kikubaaqudgha
Makhleb
Nemelex Xobeh
Okawaru
Qazlal
Ru
Sif Muna
Trog
Uskayaw
Vehumet
Xom
Yredelemnul
Zin
The Shining One
Beogh

Shops:
D:6 !   D:7 *   Orc:1 *[   Orc:2 [(%*   Elf:1 *   Elf:2 =

Annotations:
D:11 exclusion: oklob plant


Innate Abilities, Weirdness & Mutations

You are resistant to torment.
Your stone body is resilient. (AC +15)
You are immune to poison.
Your large and strong wings let you fly indefinitely.
You resist negative energy. (rN+)
You are resistant to electric shocks. (rElec)
You can survive without breathing.
You are immune to petrification.
You are immune to rotting.
[You often lose your temper in combat.]
[Armour fits poorly on your strangely shaped body.]
[Your body sometimes deteriorates upon taking damage.]
[You are very frail. (-20% HP)]
[Your magical capacity is very low. (-20% MP)]
[Your spells are easier to cast, but less powerful.]


Message History

The cacodemon hits you but does no damage.
The golden eye blinks at you. You resist with some effort.
The golden eye blinks at you.
You easily resist.
The Executioner misses you. The Executioner closely misses you.
The Executioner hits you but does no damage.
Unknown command.
You bump into the stone wall.
The Executioner misses you.
The Executioner hits you but does no damage. x2
The Executioner barely misses you.
The Executioner hits you but does no damage. x2
The cacodemon hits you but does no damage.
The cacodemon hits you!
* * * LOW HITPOINT WARNING * * *
The floating eye's view fixates on you.
The small abomination barely misses you.
The smoke demon gestures at you. Something smites you!
You die... # #§ #X......## ##43#X#...# ###.4##G##..# ##X..x#GzG#3x § .xXX#####3 §.###XxJXXX# X##G#.XJ2x# XXG

#...#@+
X##G#X.x21#
§.###.JXXXX#
X..X.X#####x#
###..x#GzG#XX#
##..##G##..#
##..#x#...#
#.......##
####.####


You could see 2 cacodemons, an Executioner, a titanic slime creature, a very
large slime creature, a large slime creature, 2 shining eyes, 2 glowing orange
brains, 19 large abominations, 2 hellwings, 3 smoke demons, 5 small
abominations, 2 flying skulls, a floating eye, 3 golden eyes and 4 macabre
masses.

Vanquished Creatures
  Bai Suzhen (Elf:3)
  Arachne (Spider:4)
  A hellephant (Abyss:3)
  Jorgrun (Elf:3)
  A deep elf master archer (Elf:3)
  4 deep elf blademasters (Elf:3)
  A tentacled starspawn (Abyss:3)
  2 thorn hunters (Swamp:4)
  4 deep elf sorcerers (Elf:3)
  The ghost of Chiseanne the Spry, an adept DEAM of Gozag (Spider:1)
  2 orc warlords (Orc:2)
  3 deep elf elementalists (Elf:3)
  Aizul (Spider:2)
  2 ghost moths (Spider:4)
  A draconian stormcaller (Abyss:3)
  6 emperor scorpions
  A stone giant (Orc:2)
  An entropy weaver (Swamp:2)
  2 dire elephants (Lair:6)
  Nessos (D:12)
  5 deep elf demonologists (Elf:3)
  2 lorocyprocas (Abyss:3)
  4 spark wasps
  4 deep elf annihilators
  7 deep elf death magi
  An eidolon (Abyss:3)
  A fire dragon (Lair:6)
  Josephine (Orc:1)
  A minotaur (Lab)
  2 deep elf high priests (Elf:3)
  Fannar (Lair:1)
  24 hydras
  2 ghost crabs
  2 rakshasas
  4 catoblepae
  10 alligators
  2 centaur warriors (D:13)
  Erica (D:10)
  3 death yaks (D:9)
  8 two-headed ogres
  26 dancing weapons
  7 thrashing horrors
  4 orc high priests (Orc:2)
  21 deep elf knights
  2 wretched stars (Abyss:3)
  Sonja (Lair:3)
  A sixfirhy (Abyss:3)
  4 spriggan druids
  2 large abominations (Abyss:3)
  A wizard (Swamp:3)
  3 shambling mangroves
  13 deep elf archers
  15 swamp dragons
  5 orc knights
  2 lindwurms (Lair:6)
  23 wolf spiders
  7 orc sorcerers
  11 orb spiders
  53 deep elf magi
  5 ugly things
  A cyclops (D:11)
  12 elephants
  2 manticores (Lair:6)
  Maurice (D:12)
  2 moths of wrath (Spider:4)
  Psyche (D:8)
  7 black mambas
  6 rime drakes
  A torpor snail (Spider:2)
  27 spiny frogs
  11 komodo dragons
  An efreet (D:13)
  13 demonic crawlers
  5 trolls
  30 hornets
  26 jumping spiders
  32 blink frogs
  A small abomination (Elf:3)
  3 tyrant leeches
  8 bog bodies
  3 raiju (Abyss:3)
  10 hippogriffs
  14 slime creatures
  5 dream sheep (Lair:5)
  3 air elementals
  20 spriggans
  3 water elementals
  20 tarantellas
  5 wraiths
  A shadow (Swamp:1)
  46 redbacks
  43 yaks
  A tarantella (shapeshifter) (Elf:1)
  8 basilisks
  Grum (D:8)
  3 fire elementals
  A chaos spawn (Abyss:3)
  2 steam dragons (Lair:6)
  2 neqoxecs (Abyss:3)
  2 hungry ghosts
  5 wargs (Orc:2)
  10 vampire mosquitoes
  22 swamp worms
  A soldier ant (D:12)
  4 acid dragons (Lair:6)
  12 insubstantial wisps
  9 water moccasins
  3 hell hounds (Abyss:3)
  37 orc warriors
  12 swamp drakes
  6 porcupines
  4 sky beasts
  A hornet zombie (D:9)
  An ice beast (shapeshifter) (Elf:3)
  2 ice beasts (D:8)
  3 black bears
  A necrophage (D:7)
  A phantom (D:7)
  15 ogres
  12 wolves
  10 crocodiles
  12 centaurs
  19 bullfrogs
  An earth elemental (Elf:1)
  3 scorpions
  21 killer bees
  3 wights (D:7)
  3 electric eels
  4 bullfrog zombies
  5 crimson imps
  4 starcursed masses (Abyss:3)
  2 bullfrog skeletons
  A centaur zombie (D:11)
  14 jellies
  40 orc priests
  6 hounds
  30 orc wizards
  4 centaur skeletons
  12 iguanas
  A hell rat (D:9)
  12 worker ants
  A killer bee zombie (D:5)
  2 hound skeletons
  A howler monkey zombie (D:5)
  13 adders
  4 gnolls (D:3)
  A river rat (D:9)
  3 shadow imps
  2 ufetubi (Abyss:3)
  17 oozes
  3 adder skeletons
  A worm (D:2)
  2 dart slugs
  3 leopard geckos
  143 orcs
  2 giant cockroaches
  2 gnoll zombies (D:4)
  10 goblins
  9 hobgoblins
  2 jackals (D:1)
  4 quokkas
  5 bats
  9 frilled lizards
  11 kobolds
  A leopard gecko skeleton (D:7)
  9 rats
  A fungus (Lair:6)
  A plant (Lair:6)
  2 starspawn tentacles (Abyss:3)
1343 creatures vanquished.

Vanquished Creatures (others)
  Nikola (Spider:4)
  A deep elf master archer (Elf:3)
  A hydra (Lair:6)
  A deep elf knight (Elf:1)
  A deep elf archer (Elf:3)
  2 orb spiders (Spider:4)
  A deep elf mage (Elf:2)
  4 hornets
  A jumping spider (Spider:4)
  A tyrant leech (Swamp:3)
  2 redbacks (Spider:4)
  2 spriggans (Swamp:3)
  A swamp worm (Swamp:1)
  A hound (D:10)
  2 orc wizards
  2 briar patches (Swamp:4)
  4 fungi (D:11)
  7 plants
  8 starspawn tentacles
43 creatures vanquished.

Grand Total: 1386 creatures vanquished

Notes
Turn   | Place    | Note
-------+----------+-------------------------------------------
     0 | D:1      | Kosschaser the Gargoyle Fighter began the quest for the Orb.
     0 | D:1      | Reached XP level 1. HP: 14/14 MP: 1/1
   115 | D:1      | Reached XP level 2. HP: 16/19 MP: 2/2
   329 | D:1      | Reached XP level 3. HP: 15/24 MP: 3/3
   616 | D:2      | Found a radiant altar of Vehumet.
   696 | D:2      | Reached skill level 1 in Dodging
   735 | D:2      | Reached XP level 4. HP: 28/29 MP: 4/4
   802 | D:2      | Reached skill level 4 in Shields
  1002 | D:2      | Found a blossoming altar of Fedhas.
  1335 | D:3      | Reached XP level 5. HP: 20/33 MP: 5/5
  1465 | D:3      | Found an iron altar of Okawaru.
  2092 | D:4      | Reached XP level 6. HP: 17/38 MP: 6/6
  2321 | D:4      | Found a hide-covered altar of Uskayaw.
  2362 | D:4      | Found a basalt altar of Yredelemnul.
  2512 | D:4      | Got a smoking leather armour
  2523 | D:4      | Identified the cursed +1 leather armour of Lucidity {Str+4 Dex+4 Slay+2} (You found it on level 4 of the Dungeon)
  2618 | D:4      | Reached skill level 5 in Shields
  2952 | D:4      | Reached XP level 7. HP: 43/43 MP: 7/7
  3378 | D:5      | Entered Level 5 of the Dungeon
  3390 | D:5      | Reached skill level 5 in Maces & Flails
  3519 | D:5      | Reached skill level 6 in Shields
  3519 | D:5      | Reached XP level 8. HP: 40/48 MP: 8/8
  3529 | D:5      | Found a glowing golden altar of the Shining One.
  3707 | D:5      | Found a shadowy altar of Dithmenos.
  4026 | D:6      | Found a staircase to the Ecumenical Temple.
  4027 | D:6      | Found Cazehiy's Distillery.
  4034 | Temple   | Entered the Ecumenical Temple
  4162 | D:6      | Bought a potion of agility for 56 gold pieces
  4162 | D:6      | Bought a potion of heal wounds for 70 gold pieces
  4373 | D:6      | Found a bloodstained altar of Trog.
  4425 | D:6      | Reached skill level 5 in Fighting
  4440 | D:6      | Reached skill level 1 in Stealth
  4603 | D:6      | Found a deep blue altar of Sif Muna.
  5057 | D:7      | Found Fosiebur's General Store.
  5123 | D:7      | Reached skill level 7 in Shields
  5126 | D:7      | Reached XP level 9. HP: 46/54 MP: 9/9
  5202 | D:7      | Found a stormy altar of Qazlal.
  6101 | D:7      | Reached skill level 8 in Shields
  6348 | D:8      | Reached XP level 10. HP: 60/60 MP: 10/10
  6387 | D:8      | Noticed Psyche
  6399 | D:8      | Paralysed by something for 2 turns
  6407 | D:8      | Killed Psyche
  6407 | D:8      | Reached skill level 5 in Dodging
  6407 | D:8      | Reached skill level 9 in Shields
  6473 | D:8      | Noticed Grum
  6499 | D:8      | Killed Grum
  7292 | D:8      | Found a sacrificial altar of Ru.
  7292 | D:8      | Found a white marble altar of Elyvilon.
  7346 | D:9      | Noticed a death yak
  7372 | D:9      | Killed a death yak
  7372 | D:9      | Reached skill level 5 in Armour
  7376 | D:9      | Found a staircase to the Lair.
  7377 | D:9      | Noticed a death yak
  7378 | D:9      | Noticed a death yak
  7395 | D:9      | Killed a death yak
  7417 | D:9      | Killed a death yak
  7417 | D:9      | Reached skill level 10 in Maces & Flails
  7417 | D:9      | Reached XP level 11. HP: 30/66 MP: 11/11
  7447 | D:9      | Reached skill level 10 in Shields
  8267 | Lair:1   | Entered Level 1 of the Lair of Beasts
  8270 | Lair:1   | Noticed Fannar
  8307 | Lair:1   | Killed Fannar
  8423 | Lair:1   | Noticed a five-headed hydra
  8895 | Lair:1   | Reached skill level 11 in Shields
  9088 | Lair:1   | Killed a five-headed hydra
  9345 | D:3      | Became a worshipper of Warmaster Okawaru
  9519 | Lair:1   | Noticed an eight-headed hydra
  9537 | D:9      | Reached XP level 12. HP: 64/73 MP: 12/12
  9563 | D:10     | Entered Level 10 of the Dungeon
  9689 | D:10     | Reached * piety under Okawaru
  9796 | D:10     | Noticed Erica
  9822 | D:10     | Killed Erica
  9900 | D:10     | Noticed a two-headed ogre
  9908 | D:10     | Killed a two-headed ogre
 10206 | D:10     | Noticed a two-headed ogre
 10218 | D:10     | Killed a two-headed ogre
 10230 | D:10     | Reached ** piety under Okawaru
 10438 | D:11     | Reached skill level 12 in Shields
 10993 | D:11     | Reached *** piety under Okawaru
 11187 | D:11     | Noticed a two-headed ogre
 11195 | D:11     | Killed a two-headed ogre
 11436 | D:12     | Noticed Maurice
 11439 | D:12     | Noticed Nessos
 11456 | D:12     | Killed Maurice
 11496 | D:12     | Killed Nessos
 11506 | D:12     | Reached **** piety under Okawaru
 11512 | D:12     | Reached XP level 13. HP: 67/80 MP: 11/13
 11558 | D:12     | Found a labyrinth entrance.
 11562 | D:12     | Found a deep blue altar of Sif Muna.
 11567 | Lab      | Entered a labyrinth
 11837 | Lab      | Noticed a minotaur
 11847 | Lab      | Killed a minotaur
 11863 | Lab      | Got a warped plate armour
 11874 | Lab      | Identified the +5 plate armour of Sunlight {rPois MP+9 Str+3} (You found it in a labyrinth)
 12164 | D:12     | Found a roughly hewn altar of Beogh.
 12164 | D:12     | Found a staircase to the Orcish Mines.
 12507 | D:12     | Learned a level 1 spell: Infusion
 12917 | D:12     | Reached skill level 13 in Shields
 12917 | D:12     | Reached skill level 1 in Invocations
 12976 | D:13     | Reached ***** piety under Okawaru
 13067 | D:13     | Received a gift from Okawaru
 13067 | D:13     | Reached skill level 1 in Charms
 13221 | D:13     | Reached skill level 10 in Fighting
 14047 | Lair:1   | Got a pair of distressingly furry boots
 14058 | Lair:1   | Identified the +1 pair of boots "Hicun" {rC++ MR- Str+4} (You found it on level 1 of the Lair of Beasts)
 14176 | Lair:1   | Reached skill level 1 in Spellcasting
 14859 | Lair:2   | Found a staircase to the Swamp.
 15348 | Lair:2   | Reached ****** piety under Okawaru
 15474 | Lair:2   | Gained mutation: Your large and strong wings let you fly indefinitely. [Gargoyle growth]
 15474 | Lair:2   | Reached XP level 14. HP: 88/88 MP: 17/17
 15559 | Swamp:1  | Entered Level 1 of the Swamp
 15818 | Swamp:1  | Reached skill level 14 in Shields
 15837 | Swamp:1  | Received a gift from Okawaru
 17037 | Swamp:2  | Noticed an entropy weaver
 17037 | Swamp:2  | a tyrant leech changed into an entropy weaver
 17073 | Swamp:2  | Killed an entropy weaver
 17499 | Swamp:1  | Received a gift from Okawaru
 17757 | Swamp:2  | Reached skill level 15 in Shields
 18210 | Swamp:2  | Reached XP level 15. HP: 86/94 MP: 22/22
 18631 | Swamp:3  | Found a stormy altar of Qazlal.
 18778 | Swamp:4  | Entered Level 4 of the Swamp
 18986 | Swamp:4  | Received a gift from Okawaru
 19027 | Swamp:4  | Reached skill level 5 in Spellcasting
 19101 | Swamp:4  | Noticed a thorn hunter
 19134 | Swamp:4  | Killed a thorn hunter
 19134 | Swamp:4  | Reached skill level 16 in Shields
 19148 | Swamp:4  | Noticed a thorn hunter
 19167 | Swamp:4  | Killed a thorn hunter
 19178 | Swamp:4  | Reached skill level 5 in Charms
 19690 | Swamp:4  | Received a gift from Okawaru
 20115 | Swamp:4  | Got a decaying rune of Zot
 20841 | Swamp:3  | Received a gift from Okawaru
 20841 | Swamp:3  | Reached XP level 16. HP: 99/100 MP: 25/25
 21057 | Swamp:3  | Reached skill level 17 in Shields
 21891 | Lair:3   | Noticed Sonja
 21899 | Lair:3   | Killed Sonja
 22188 | Lair:3   | Found a hole to the Spider Nest.
 23741 | Lair:5   | Learned a level 2 spell: Song of Slaying
 23979 | Lair:5   | Reached skill level 18 in Shields
 24367 | Lair:5   | Reached skill level 1 in Evocations
 24436 | Lair:6   | Entered Level 6 of the Lair of Beasts
 24463 | Lair:6   | Received a gift from Okawaru
 24535 | Lair:6   | Found a staircase to the Slime Pits.
 25246 | Lair:6   | Reached skill level 15 in Maces & Flails
 25307 | Lair:6   | Got a distressingly furry shield
 25318 | Lair:6   | Identified the +0 shield of Tender Moments {Dex+4} (You found it on level 6 of the Lair of Beasts)
 25693 | Lair:6   | Reached XP level 17. HP: 75/108 MP: 26/26
 26118 | Spider:1 | Entered Level 1 of the Spider Nest
 26120 | Spider:1 | Noticed Chiseanne's ghost (adept DEAM)
 26164 | Spider:1 | Killed Chiseanne's ghost
 26554 | Spider:2 | Noticed Aizul
 26557 | Spider:2 | Received a gift from Okawaru
 26557 | Spider:2 | Reached skill level 19 in Shields
 26623 | Spider:2 | Killed Aizul
 26633 | Spider:2 | Got a pair of twisted gloves {god gift}
 26644 | Spider:2 | Identified the +1 pair of gloves "Raugeqo" {rC+ rN+ Str-3} (Okawaru gifted it to you on level 2 of the Spider Nest)
 27050 | Spider:2 | Identified 2 scrolls of acquirement
 27057 | Spider:2 | Got a steaming turquoise ring
 27059 | Spider:2 | Identified the ring "Plog" {Fire -Tele MP+9 Str+2 SInv} (You acquired it on level 2 of the Spider Nest)
 27063 | Spider:2 | Got an ancient iron ring
 27065 | Spider:2 | Identified the ring "Viod" {*Drain rElec rF+ Slay+2} (You acquired it on level 2 of the Spider Nest)
 27279 | Spider:2 | Learned a level 2 spell: Shroud of Golubria
 28622 | Spider:4 | Entered Level 4 of the Spider Nest
 29092 | Spider:4 | Noticed Nikola
 29149 | Spider:4 | Killed Nikola
 29149 | Spider:4 | Reached skill level 20 in Shields
 29156 | Spider:4 | Noticed Arachne
 29200 | Spider:4 | Killed Arachne
 29200 | Spider:4 | Received a gift from Okawaru
 29321 | Spider:4 | Got a scorched demon trident {god gift}
 29323 | Spider:4 | Identified the +7 demon trident of Deef {elec, rF- rC+++ MR- Int+6} (Okawaru gifted it to you on level 4 of the Spider Nest)
 29472 | Spider:4 | Reached XP level 18. HP: 38/114 MP: 2/27
 29995 | Spider:4 | Reached skill level 10 in Armour
 30248 | Spider:4 | Received a gift from Okawaru
 30358 | Spider:4 | Got a gossamer rune of Zot
 30700 | Orc:1    | Entered Level 1 of the Orcish Mines
 30778 | Orc:1    | Noticed Josephine
 30783 | Orc:1    | Killed Josephine
 30788 | Orc:1    | Found Bimenuann's Antique Armour Emporium.
 30827 | Orc:1    | Bought a pair of embroidered gloves for 195 gold pieces
 30920 | Orc:1    | Found Gidirau's General Store.
 31035 | Orc:2    | Entered Level 2 of the Orcish Mines
 31378 | Orc:2    | Reached skill level 21 in Shields
 31515 | Orc:2    | Found a roughly hewn altar of Beogh.
 31516 | Orc:2    | Found Detintuy's Assorted Antiques.
 31626 | Orc:2    | Found Lool's Food Shoppe.
 31810 | Orc:2    | Found a roughly hewn altar of Beogh.
 31857 | Orc:2    | Found Wovvufe's Armour Emporium.
 32162 | Orc:2    | Found Lueryph Ypos's Antique Weapon Shop.
 32473 | Orc:2    | Got a bound granite ring
 32475 | Orc:2    | Identified the ring of Guytok {*Corrode rElec Str+3 Dex+4} (You found it on level 2 of the Orcish Mines)
 32533 | Orc:2    | Found a staircase to the Elven Halls.
 32555 | Elf:1    | Entered Level 1 of the Elven Halls
 32621 | Elf:1    | Found Kuwn's General Store.
 32662 | Elf:1    | Got an ancient demon whip
 32663 | Elf:1    | Identified the +4 demon whip of Bevvaiq {pain, -Tele rF+ MR+ Int+7} (You found it on level 1 of the Elven Halls)
 33907 | Elf:2    | Reached XP level 19. HP: 72/121 MP: 25/28
 33971 | Elf:2    | Received a gift from Okawaru
 33979 | Elf:2    | Got a twisted chain mail {god gift}
 33991 | Elf:2    | Identified the +0 chain mail "Wahoesk" {rC+ rCorr MP+9} (Okawaru gifted it to you on level 2 of the Elven Halls)
 34011 | Elf:2    | Found Tuziph's Jewellery Boutique.
 34019 | Elf:2    | Bought the brooch of Shielding {Reflect SH+8} for 1488 gold pieces
 34317 | Elf:2    | Found a runed gate.
 34317 | Elf:2    | Found a runed gate.
 34321 | Elf:2    | Found a runed gate.
 34775 | Elf:2    | Reached skill level 22 in Shields
 35373 | Elf:3    | Entered Level 3 of the Elven Halls
 35790 | Elf:3    | Noticed a Hell Sentinel
 35791 | Elf:3    | Noticed an Ice Fiend
 35839 | Elf:3    | Noticed a Tzitzimitl
 35840 | Elf:3    | Noticed a Tzitzimitl
 36317 | Elf:3    | Noticed Bai Suzhen
 36330 | Elf:3    | Killed Bai Suzhen
 36330 | Elf:3    | Received a gift from Okawaru
 36344 | Elf:3    | Noticed Jorgrun
 36372 | Elf:3    | Noticed an Ice Fiend
 36377 | Elf:3    | Killed Jorgrun
 36856 | Elf:3    | Got a pitted lapis lazuli ring
 36929 | Elf:3    | Reached skill level 23 in Shields
 37022 | Elf:3    | Reached XP level 20. HP: 25/128 MP: 29/29
 37038 | Elf:3    | Identified the ring "Xenlo" {rCorr -Tele rN+ Str+3} (You took it off a deep elf annihilator on level 3 of the Elven Halls)
 37422 | Elf:3    | Got a shimmering brass amulet
 37425 | Elf:3    | Identified the amulet of the Vendetta {Harm *Drain rN+ Str+3 Stlth+} (You took it off a deep elf mage on level 3 of the Elven Halls)
 37685 | Elf:3    | Received a gift from Okawaru
 37874 | Elf:3    | Cast into level 2 of the Abyss (a deep elf demonologist)
 38004 | Abyss:3  | Noticed a hellephant
 38092 | Abyss:3  | Killed a hellephant
 38184 | Abyss:3  | Paralysed by accursed screaming for 1 turns
 38191 | Abyss:3  | Paralysed by accursed screaming for 1 turns
 38206 | Abyss:3  | HP: 6/192 [starcursed mass/accursed screaming (5)]
 38212 | Abyss:3  | HP: 1/128 [starcursed mass/accursed screaming (9)]
 38602 | Abyss:3  | Reached skill level 15 in Fighting
 38671 | Abyss:3  | Paralysed by a floating eye for 3 turns
 38676 | Abyss:3  | HP: 5/103 [cacodemon (11)]
 38676 | Abyss:3  | Killed from afar by a smoke demon

Skill      XL: |  1  2  3  4  5  6  7  8  9 10 11 12 13 14 15 16 17 18 19 20 |
---------------+-------------------------------------------------------------+-----
Dodging        | 1 2 3 4 5 6 7 8 |  8.2
Shields        | 4 5 6 7 8 9 11 12 13 15 16 18 20 21 23 | 23.7
Maces & Flails | 3 4 5 7 8 10 11 13 14 15 16 | 16.7
Armour         | 4 5 6 7 8 9 10 11 | 11.1
Fighting       | 4 5 6 8 9 10 11 12 13 14 15 | 15.0
Stealth        | 1 |  1.0
Invocations    | 1 2 3 |  3.2
Charms         | 2 3 5 6 |  6.0
Spellcasting   | 2 4 6 |  6.5
Evocations     | 1 |  1.5
Unarmed Combat | |  0.6
Translocations | |  0.3

Action                   |  1- 3 |  4- 6 |  7- 9 | 10-12 | 13-15 | 16-18 | 19-21 || total
-------------------------+-------+-------+-------+-------+-------+-------+-------++-------
Melee: Flail             |   139 |   311 |   257 |   868 |  1713 |  2615 |  1180 ||  7083
       Mace              |       |    26 |   143 |       |       |       |       ||   169
       Unarmed           |       |       |       |       |    13 |       |       ||    13
       Demon trident     |       |       |       |       |       |     1 |       ||     1
       Demon whip        |       |       |       |       |       |    50 |       ||    50
 Cast: Infusion          |       |       |       |       |     3 |    12 |       ||    15
       Song of Slaying   |       |       |       |       |       |     6 |       ||     6
       Shroud of Golubri |       |       |       |       |       |     1 |     1 ||     2
Invok: Heroism           |       |       |       |     3 |     8 |    16 |    20 ||    47
       Finesse           |       |       |       |       |       |     3 |     1 ||     4
 Abil: Fly               |       |       |       |       |     1 |       |       ||     1
Evoke: Wand              |       |       |       |       |     8 |    18 |       ||    26
  Use: Scroll            |       |     5 |     7 |    12 |    19 |    11 |     4 ||    58
       Potion            |       |       |       |     1 |     6 |     1 |    11 ||    19
 Stab: Sleeping          |       |       |     1 |     3 |     1 |       |       ||     5
       Confused          |       |       |       |       |     2 |       |       ||     2
       Petrified         |       |       |       |       |       |     1 |       ||     1
       Invisible         |       |       |       |       |       |       |     1 ||     1
  Eat: Chunk             |       |     8 |    11 |    13 |    25 |    37 |    14 ||   108
       Fruit             |       |       |       |     2 |     2 |       |       ||     4
       Meat ration       |       |       |       |     1 |     2 |       |     1 ||     4
       Bread ration      |       |       |       |       |     1 |       |       ||     1
Armor: Scale mail        |   112 |   179 |       |       |       |       |       ||   291
       Leather armour    |       |    23 |   176 |   199 |     4 |       |       ||   402
       Plate armour      |       |       |       |       |  1173 |  1133 |   406 ||  2712
Dodge: Dodged            |    62 |   133 |   202 |   431 |   997 |  1190 |   210 ||  3225
Block: Shield            |    96 |   241 |   286 |   510 |   188 |       |       ||  1321
       Large shield      |       |       |       |       |  2222 |  3804 |  1621 ||  7647
       Reflection        |       |       |       |       |       |       |    61 ||    61
